 Dungeon Crawl Stone Soup version 0.18.1-8-gdd0e5ea (webtiles) character file.

312 deorigin the Chiller (level 6, 41/41 HPs)
             Began as a Demonspawn Ice Elementalist on May 31, 2016.
             Quit the game on level 4 of the Dungeon.
             The game lasted 00:12:19 (4364 turns).

deorigin the Chiller (Demonspawn Ice Elementalist)  Turns: 4364, Time: 00:12:19

Health: 41/41      AC:  9    Str:  8    XL:     6   Next: 18%
Magic:  10/10      EV: 12    Int: 22    God:
Gold:   270        SH:  0    Dex: 13    Spells: 4 memorised, 1 level left

rFire  . . .     SeeInvis .     C - +0 flail
rCold  . . .     Gourm    .     a - +0 robe
rNeg   . . .     Faith    .     (no shield)
rPois  .         Spirit   .     (no helmet)
rElec  .         Dismiss  .     (no cloak)
rCorr  .         Reflect  .     d - +2 pair of gloves
SustAt .         Harm     .     (no boots)
MR     +....                    (no amulet)
Stlth  +++.......               E - ring of protection from magic
                                G - +4 ring of intelligence

@: somewhat resistant to hostile enchantments, fairly stealthy
A: rough black scales 1, nightstalker 1, powered by death 1
a: no special abilities


You were on level 4 of the Dungeon.
You were not hungry.

You visited 1 branch of the dungeon, and saw 4 of its levels.

You collected 270 gold pieces.

Inventory:

Hand Weapons
 n - a +0 dagger
 C - a +0 flail (weapon)
Missiles
 f - 14 poisoned needles
 i - 6 tomahawks (quivered)
Armour
 a - a +0 robe (worn)
 d - a +2 pair of gloves (worn)
 k - a +0 shield
 z - a cursed +0 ring mail
 B - a +0 ring mail
Jewellery
 y - an uncursed ring of see invisible
 E - a ring of protection from magic (right hand)
 G - a +4 ring of intelligence (left hand)
Wands
 A - a wand of slowing (0/48)
Scrolls
 e - a scroll of magic mapping {unknown}
 h - a scroll of enchant armour {unknown}
 j - 3 scrolls of remove curse
 m - a scroll of enchant weapon {unknown}
 o - 2 scrolls of random uselessness {unknown}
 q - a scroll of immolation {unknown}
 s - 2 scrolls of fear {unknown}
 t - a scroll of recharging {unknown}
 u - a scroll of identify {unknown}
 x - 2 scrolls of teleportation {unknown}
Potions
 g - a potion of heal wounds {unknown}
 l - 2 potions of flight {unknown}
 p - a potion of curing {unknown}
 v - a potion of haste {unknown}
Books
 b - a book of Frost

   Spells                             Type                      Level
   a - Freeze                         Ice                          1
   b - Throw Frost                    Conjuration/Ice              2
   c - Ozocubu's Armour               Charms/Ice                   3
   d - Throw Icicle                   Conjuration/Ice              4
   e - Summon Ice Beast               Ice/Summoning                4
Comestibles
 c - 3 bread rations
 r - 2 meat rations
 D - a beef jerky


   Skills:
 - Level 1.7 Dodging
 - Level 1.7 Stealth
 - Level 3.0 Spellcasting
 - Level 1.0 Conjurations
 - Level 1.6 Charms
 + Level 2.5 Summonings
 - Level 4.8 Ice Magic


You had one spell level left.
You knew the following spells:

 Your Spells              Type           Power        Failure   Level  Hunger
a - Freeze                Ice            ###.         1%          1    None
b - Ozocubu's Armour      Chrm/Ice       ###.....     12%         3    ###....
c - Throw Frost           Conj/Ice       ###...       8%          2    ##.....
d - Summon Ice Beast      Ice/Summ       ###.....     34%         4    ####...


Dungeon Overview and Level Annotations

Branches:
Dungeon (4/15)
 Temple: D:4-7

Altars:
Pakellas


Innate Abilities, Weirdness & Mutations

You are partially covered in rough black scales (AC +4, Dex -1).
You are slightly more attuned to the shadows.
You regenerate a little health from kills.


Message History

The phantom completely misses you.
You sock the phantom!
You destroy the phantom!
Your Summonings skill gained 2 levels and is now at level 2!
You have reached level 6!
Your experience leads to an increase in your attributes!
Your base attributes are Str 8, Int 17, Dex 13.
Increase (S)trength, (I)ntelligence, or (D)exterity?
You feel clever.
Your demonic ancestry asserts itself...
You slip into the darkness of the dungeon.
You start resting.
Magic restored.
You start resting.
You feel less regenerative.
You start resting.
HP restored.
Casting: Ozocubu's Armour
Confirm with . or Enter, or press ? or * to list all spells.
Okay, then.
Are you sure you want to abandon this character and quit the game? (Confirm with "yes".)

..#.###...##.# #.###
.............# #.##.
.##.##.###### #.##.
..........######## #....
#...#.#........... #.##§
#.........######## #.##§
..........###########.##§
#...................#.###
#<#.##..@.#...........#
#.#.......<..######.####
#.#...##.#.######....# #
#..>.............#.#
#...............##.##
#....#.#.######.##.#.
#(...............#.#.
#.^...........#......
#................#.##


There were no monsters in sight!

Vanquished Creatures
  A phantom (D:4)
  An orc priest (D:3)
  A hound (D:3)
  A worker ant (D:3)
  5 adders
  An ooze (D:4)
  4 worms
  2 dart slugs
  5 giant geckos
  6 orcs (D:3)
  A ball python (D:3)
  3 giant cockroaches
  8 goblins
  10 hobgoblins
  3 jackals (D:2)
  4 kobolds
  A quokka (D:3)
  6 bats
  4 giant newts
  5 rats
72 creatures vanquished.

Notes
Turn   | Place    | Note
--------------------------------------------------------------
     0 | D:1      | deorigin the Demonspawn Ice Elementalist began the quest for the Orb.
     0 | D:1      | Reached XP level 1. HP: 13/13 MP: 3/3
   332 | D:1      | Reached skill level 3 in Ice Magic
   434 | D:1      | Gained mutation: You regenerate a little health from kills. [demonic ancestry]
   434 | D:1      | Reached XP level 2. HP: 9/19 MP: 0/5
  1130 | D:2      | Reached XP level 3. HP: 24/24 MP: 1/7
  1201 | D:2      | Learned a level 3 spell: Ozocubu's Armour
  1220 | D:2      | Learned a level 2 spell: Throw Frost
  1587 | D:2      | Reached skill level 1 in Charms
  1954 | D:2      | Reached XP level 4. HP: 30/30 MP: 5/8
  2178 | D:3      | Reached skill level 4 in Ice Magic
  2835 | D:3      | Gained mutation: You are partially covered in rough black scales (AC +4, Dex -1). [demonic ancestry]
  2835 | D:3      | Reached XP level 5. HP: 34/35 MP: 7/9
  3281 | D:3      | Learned a level 4 spell: Summon Ice Beast
  3521 | D:4      | Found an oddly glowing altar of Pakellas.
  3624 | D:4      | Noticed a phantom
  4237 | D:4      | Killed a phantom
  4237 | D:4      | Gained mutation: You are slightly more attuned to the shadows. [demonic ancestry]
  4237 | D:4      | Reached XP level 6. HP: 14/41 MP: 8/10
  4364 | D:4      | Quit the game

Skill      XL: |  1  2  3  4  5 |
---------------+----------------+-----
Ice Magic      | 3 4 |  4.8
Charms         | 1 |  1.6
Spellcasting   | 3 |  3.0
Summonings     | 2 |  2.5
Dodging        | |  1.7
Stealth        | |  1.7
Conjurations   | |  1.0

Action                   |  1- 3 |  4- 6 || total
-------------------------+-------+-------++-------
Melee: Unarmed           |    15 |       ||    15
       Dagger            |    27 |    40 ||    67
       Flail             |       |    63 ||    63
 Cast: Freeze            |    69 |    52 ||   121
       Ozocubu's Armour  |       |     4 ||     4
  Use: Scroll            |       |     1 ||     1
 Stab: Sleeping          |     2 |       ||     2
  Eat: Chunk             |     4 |     6 ||    10
       Royal jelly       |       |     1 ||     1
Armor: Robe              |    31 |    45 ||    76
Dodge: Dodged            |    69 |    88 ||   157
